 Dungeon Crawl Stone Soup version 0.28-a0-674-gdaf460b524 (webtiles) character file.

Game seed: 11834984778347473521

14 demibob the Chopper (level 2, 26/26 HPs)
             Began as a Hill Orc Cinder Acolyte on Oct 17, 2021.
             Was an Elder of Ignis.
             Quit the game on level 1 of the Dungeon.
             The game lasted 00:01:37 (689 turns).

demibob the Chopper (Hill Orc Cinder Acolyte)        Turns: 689, Time: 00:01:38

Health: 26/26      AC:  2    Str: 16    XL:     2   Next: 45%
Magic:  4/4        EV: 11    Int: 14    God:    Ignis [****..]
Gold:   9          SH:  0    Dex:  6    Spells: 3/3 levels left

rFire   + . .      SeeInvis .   a - -1 hand axe (flame)
rCold   . . .      Faith    .   (no shield)
rNeg    . . .      Spirit   .   b - +0 robe
rPois   .          Reflect  .   (no helmet)
rElec   .          Harm     .   (no cloak)
rCorr   .          Rampage  .   (no gloves)
Will    .....                   (no boots)
Stlth   +.........              (no amulet)
HPRegen 0.08/turn               (no ring)
MPRegen 0.09/turn               (no ring)

@: no status effects
A: no striking features
a: Renounce Religion, Sea of Fire, Foxfire Swarm, Rising Flame


You were on level 1 of the Dungeon.
You worshipped Ignis.
Ignis was greatly pleased with you.
You visited 1 branch of the dungeon, and saw 1 of its levels.

You collected 9 gold pieces.


   Skills:
 - Level 3.6 Fighting
 + Level 4.3 Axes
 + Level 1.3 Spellcasting
 + Level 3.6 Fire Magic


You had 3 spell levels left.
You didn't know any spells.
Your spell library contained the following spells:

 Spells                   Type           Power      Damage    Failure   Level
 Scorch                   Fire           22%        2d6       9%          2

Inventory:

Hand Weapons
 a - a -1 hand axe of flaming (weapon)
Armour
 b - a +0 robe (worn)

Dungeon Overview and Level Annotations

Branches:
Dungeon (1/15)

Altars:

#. .. ..▒. ... ##### .▒.
▒... #...# .. ..... #...#
..#.▒▒▒▒..... #...#
#.#......... #.[.#
#.#...)##.#+#####...#
###.#..@....#.........#
#.........#########...#
.###.#÷##..(.#########...#
§.......÷...............>#
.....................###.#
####.#.#.##....#.###.###.#
#...#.#######.# #..##.#
#####....#....# ##.##.#
####.#..######..#.#


There were no monsters in sight!


Message History

You hit the kobold. You burn the kobold.
You kill the kobold!
You hit the endoplasm. You burn the endoplasm.
The endoplasm is almost dead.
The endoplasm closely misses you.
You hit the endoplasm. You burn the endoplasm.
You kill the endoplasm!
Use which ability? (? or * to list) Fires begin to smoulder around you!
The fire ignites! x86
You start resting.
Magic restored.
HP restored.
Use which ability? (? or * to list) Fires begin to smoulder around you!
You start waiting.
The fire ignites! x86
Done waiting.
Unknown command.
Use which ability? (? or * to list) Fires begin to smoulder around you!
You start waiting.
The fire ignites! x86
Done waiting.
Unknown command.
Use which ability? (? or * to list) Fires begin to smoulder around you!
The fire ignites! x86
Unknown command.
You start waiting.
Done waiting.
Are you sure you want to abandon this character and quit the game? (Confirm with "yes".)

Action                   || total
-------------------------++-------
Melee: Hand axe          ||    31
Invok: Sea of Fire       ||     4
       Foxfire Swarm     ||     1
Armor: Robe              ||     5
Dodge: Dodged            ||    17

Levels and vault maps discovered:
D:1:      mrwooster_arrival_statue_2, layout_basic,
          hellmonk_ecumenical_altar_slurped_away, minmay_heptomino_l4

Notes
Turn   | Place    | Note
-------+----------+-------------------------------------------
     0 | D:1      | demibob the Hill Orc Cinder Acolyte began the quest for the
                  | Orb.
     0 | D:1      | Reached XP level 1. HP: 19/19 MP: 2/2
   247 | D:1      | Reached XP level 2. HP: 23/26 MP: 3/3
   689 | D:1      | Quit the game

Vanquished Creatures
  A dart slug (D:1)
  3 endoplasms (D:1)
  2 jackals (D:1)
  A kobold (D:1)
  A ball python (D:1)
  A bat (D:1)
  A frilled lizard (D:1)
  2 rats (D:1)
12 creatures vanquished.

Vanquished Creatures (others)
  10 foxfires (D:1)
10 creatures vanquished.

Grand Total: 22 creatures vanquished

Table legend: (Time is in decaauts)
 A = Elapsed time spent in this place.
 B = Non-inter-level travel time spent in this place.
 C = Inter-level travel time spent in this place.
 D = Time resting spent in this place.
 E = Time spent auto-exploring this place.
 F = Levels seen in this place.
 G = Mean time per level.
                   A        B        C        D        E       F      G
               +--------+--------+--------+--------+--------+-----+--------+
         Total |    691 |    691 |      0 |    470 |    155 |   1 |  691.0 |
       Dungeon |    691 |    691 |      0 |    470 |    155 |   1 |  691.0 |
               +--------+--------+--------+--------+--------+-----+--------+

Top non-repeatable levels by time:
     D:1: 691 daAuts

Table legend:
 A = Non-vault XP
 B = Vault XP
 C = Vault XP percentage of total XP
 D = Non-vault monster count
 E = Vault monster count
 F = Vault count percentage of total count
                 A         B        C        D         E       F
            +---------+---------+-------+---------+---------+-------
      Total |      19 |       2 |   9.5 |      11 |       1 |   8.3
            +---------+---------+-------+---------+---------+-------
        D:1 |      19 |       2 |   9.5 |      11 |       1 |   8.3
            +---------+---------+-------+---------+---------+-------
